[Event "IIFL Wealth 4th Mumbai Open"]
[Site "Mumbai"]
[Date "2019.01.02"]
[Round "4"]
[White "Samrat, Ghorai"]
[Black "Mokashi, Rohit"]
[Result "1-0"]
[ECO "B10"]
[WhiteElo "1984"]
[BlackElo "1641"]
[Annotator "NA"]
[PlyCount "63"]
[EventDate "2018.12.30"]
[EventType "swiss"]
[EventCountry "IND"]
[SourceTitle "playchess.com"]
[Source "ChessBase"]
[SourceQuality "1"]
[TimeControl "40/5400+30:1800+30"]

1. e4 c6 2. Nc3 d5 3. Nf3 dxe4 4. Nxe4 Nf6 5. Ng3 g6 6. d4 Bg7 7. c4 O-O 8. Be2 b6 9. O-O Bb7 10. Bf4 c5 11. d5 Nbd7 12. Qb3 Ng4 13. Rad1 Nge5 14. Rfe1 Re8 15. h4 Nxf3+ 16. Bxf3 a6 17. Rd2 Bd4 18. Rde2 Ra7 19. h5 b5 20. hxg6 hxg6 21. cxb5 axb5 22. Bd6 Nf6 23. Bxe7 Qd7 24. d6 Ba6 25. Ne4 Nxe4 26. Rxe4 Bb7 27. Rf4 Bxf3 28. Qxf7+ Kh8 29. Bf6+ Bxf6 30. Rxe8+ Qxe8 31. Qxe8+ Kg7 32. Rxf3 {[%emt 0:00:10] Kg8} 1-0

[Event "IIFL Wealth 4th Mumbai Open"]
[Site "Mumbai"]
[Date "2019.01.02"]
[Round "4"]
[White "Kothari, Swapnil"]
[Black "Makwana, Devam"]
[Result "1-0"]
[ECO "D10"]
[WhiteElo "1870"]
[BlackElo "1617"]
[Annotator "NA"]
[PlyCount "49"]
[EventDate "2018.12.30"]
[EventType "swiss"]
[EventCountry "IND"]
[SourceTitle "playchess.com"]
[Source "ChessBase"]
[SourceQuality "1"]
[TimeControl "40/5400+30:1800+30"]

1. d4 d5 2. c4 c6 3. cxd5 cxd5 4. Nc3 Nf6 5. Nf3 Bf5 6. g3 Nc6 7. Bg2 e6 8. O-O Bd6 9. Nh4 Bg6 10. Bg5 Qb6 11. Nxg6 hxg6 12. Bxf6 gxf6 13. e4 Nxd4 14. exd5 e5 15. Ne4 Ke7 16. Rc1 Rac8 17. Rxc8 Rxc8 18. Qg4 Nf5 19. Qf3 Bb8 20. Bh3 Rc2 21. Bxf5 gxf5 22. Qxf5 Rxb2 23. d6+ Kf8 24. Qxf6 {[%emt 0:00:53] Ke7 Qf5+} Bxd6 25. Qf3 1-0

[Event "IIFL Wealth 4th Mumbai Open"]
[Site "Mumbai"]
[Date "2019.01.02"]
[Round "4"]
[White "Dave, Sneh"]
[Black "Laddha, Yash Jayesh"]
[Result "1-0"]
[ECO "E21"]
[WhiteElo "1851"]
[BlackElo "1449"]
[Annotator "NA"]
[PlyCount "40"]
[EventDate "2018.12.30"]
[EventType "swiss"]
[EventCountry "IND"]
[SourceTitle "playchess.com"]
[Source "ChessBase"]
[SourceQuality "1"]
[TimeControl "40/5400+30:1800+30"]

1. d4 Nf6 2. c4 e6 3. Nf3 Bb4+ 4. Nc3 c5 5. e3 O-O 6. Qc2 d6 7. Bd2 Nc6 8. a3 Bxc3 9. Bxc3 Re8 10. b4 Qe7 11. b5 Nb8 12. Rd1 Nbd7 13. Ne5 Nf8 14. Be2 Bd7 15. Bf3 Rab8 16. h4 h6 17. g4 N6h7 18. g5 f6 19. gxh6 gxh6 20. Rg1+ Kh8 1-0

[Event "IIFL Wealth 4th Mumbai Open"]
[Site "Mumbai"]
[Date "2019.01.02"]
[Round "4"]
[White "Krishnan, Ritvik"]
[Black "Kriti, Mayur Patel"]
[Result "1-0"]
[ECO "C50"]
[WhiteElo "1812"]
[BlackElo "1439"]
[Annotator "NA"]
[PlyCount "151"]
[EventDate "2018.12.30"]
[EventType "swiss"]
[EventCountry "IND"]
[SourceTitle "playchess.com"]
[Source "ChessBase"]
[SourceQuality "1"]
[TimeControl "40/5400+30:1800+30"]

1. e4 e5 2. Bc4 Nf6 3. d3 Nc6 4. Nf3 Bc5 5. c3 d6 6. Bb3 a6 7. h3 Ba7 8. Nbd2 Be6 9. Bc2 Ne7 10. Nf1 Ng6 11. Ng3 h6 12. O-O O-O 13. d4 Qc8 14. Kh2 c6 15. Be3 Qc7 16. Qd2 Kh7 17. Kh1 Rad8 18. Rad1 Qc8 19. Nf5 Bxf5 20. exf5 Ne7 21. dxe5 dxe5 22. Qe2 Bxe3 23. Qxe3 Ned5 24. Qxe5 Rfe8 25. Qd4 c5 26. Qd2 Qc7 27. Qc1 Nf4 28. Rxd8 Rxd8 29. Rd1 Rxd1+ 30. Qxd1 Qc6 31. Kh2 b5 32. Qd2 Qc7 33. g3 N4d5 34. Qe2 Kg8 35. Qe5 Qb7 36. Nd2 Qb6 37. Ne4 c4 38. Nxf6+ Nxf6 39. Kg1 Qb7 40. Qe3 Qc6 41. f4 Nd5 42. Qd4 Qb6 43. Qxb6 Nxb6 44. Kf2 Kf8 45. Ke3 Ke7 46. Kd4 Kd6 47. g4 Nd5 48. Ke4 f6 49. h4 a5 50. a4 b4 51. Kd4 bxc3 52. bxc3 Nxf4 53. Be4 Ne2+ 54. Kxc4 Ke5 55. Bf3 Ng1 56. Bd1 Nh3 57. Kb5 Nf2 58. Be2 Ne4 59. c4 Nc3+ 60. Kxa5 Nxe2 61. Kb6 Kd6 62. a5 Nc3 63. a6 Na4+ 64. Kb5 Kc7 65. Kxa4 Kb6 66. Kb4 Kxa6 67. Kc5 Kb7 68. Kd6 Kc8 69. Kc6 Kd8 70. Kb7 Ke8 71. c5 Kf8 72. c6 Kg8 73. c7 Kh7 74. c8=Q h5 75. gxh5 Kh6 76. Qh8# 1-0

[Event "IIFL Wealth 4th Mumbai Open"]
[Site "Mumbai"]
[Date "2019.01.02"]
[Round "4"]
[White "Tanuj, Dayal"]
[Black "Pingale Shivraj"]
[Result "1-0"]
[ECO "C01"]
[WhiteElo "1803"]
[BlackElo "1580"]
[Annotator "NA"]
[PlyCount "176"]
[EventDate "2018.12.30"]
[EventType "swiss"]
[EventCountry "IND"]
[SourceTitle "playchess.com"]
[Source "ChessBase"]
[SourceQuality "1"]
[TimeControl "40/5400+30:1800+30"]

1. e4 e6 2. d4 d5 3. exd5 exd5 4. Nf3 Nf6 5. Bd3 c5 6. c3 Bd6 7. O-O O-O 8. h3 Ne4 9. Be3 c4 10. Bxe4 dxe4 11. Nfd2 f5 12. f4 Be6 13. Qa4 Qc7 14. Na3 a6 15. Qd1 b5 16. Nc2 Nd7 17. a3 Nf6 18. Qe2 a5 19. g3 Rfb8 20. Rfc1 Rb7 21. Nf1 Rab8 22. Bd2 b4 23. cxb4 axb4 24. Nxb4 Bxb4 25. axb4 Nd5 26. Rxc4 Qd7 27. Rcc1 Nxb4 28. Bc3 Nd3 29. Rcb1 Qf7 30. Ne3 Ba2 31. Rf1 Nxb2 32. Nxf5 Bc4 33. Qg4 Qg6 34. Rfb1 Be6 35. Qxg6 hxg6 36. Nd6 Rb3 37. Rxb2 Rxb2 38. Bxb2 Rxb2 39. Ra8+ Kh7 40. Nxe4 Rb1+ 41. Kf2 Rb2+ 42. Ke3 Rb3+ 43. Kd2 Bg8 44. Ng5+ Kh8 45. g4 Rb2+ 46. Kd3 Rb3+ 47. Ke4 Rb5 48. d5 Rb1 49. d6 Re1+ 50. Kd4 Rd1+ 51. Kc5 Rc1+ 52. Kb6 Rc6+ 53. Kb7 Rb6+ 54. Kc8 Rc6+ 55. Kd7 Rxd6+ 56. Ke7 Rd7+ 57. Ke8 Rd4 58. Ra6 Rxf4 59. Rxg6 Rf1 60. Ke7 Re1+ 61. Ne6 Bxe6 62. Rxe6 Rh1 63. Re3 Kh7 64. Rf3 Kg6 65. Kf8 Kh6 66. Kg8 Rh2 67. Re3 g6 68. Rf3 Kg5 69. Kf7 Ra2 70. Re3 Ra7+ 71. Re7 Ra6 72. Kg7 Kh4 73. Re3 Kg5 74. Re5+ Kh4 75. g5 Kxh3 76. Re4 Kg3 77. Kh6 Rb6 78. Re8 Kf4 79. Rg8 Kf5 80. Rf8+ Ke5 81. Kg7 Ra6 82. Rf6 Ra1 83. Kxg6 Rg1 84. Rb6 Rg2 85. Kh6 Kf5 86. g6 Rh2+ 87. Kg7 Rg2 88. Kh6 Rh2+ {[%emt 0:00:36] Kh7} 1-0

[Event "IIFL Wealth 4th Mumbai Open"]
[Site "Mumbai"]
[Date "2019.01.02"]
[Round "4"]
[White "Abhinessh, S."]
[Black "Rushyendra Chowdary Kantipudi"]
[Result "1-0"]
[ECO "B50"]
[WhiteElo "1790"]
[BlackElo "1527"]
[Annotator "NA"]
[PlyCount "47"]
[EventDate "2018.12.30"]
[EventType "swiss"]
[EventCountry "IND"]
[SourceTitle "playchess.com"]
[Source "ChessBase"]
[SourceQuality "1"]
[TimeControl "40/5400+30:1800+30"]

1. e4 c5 2. Nf3 d6 3. c3 Nf6 4. Be2 Nc6 5. d4 cxd4 6. cxd4 Nxe4 7. d5 Qa5+ 8. Nc3 Nxc3 9. bxc3 Ne5 10. Nxe5 dxe5 11. Qb3 Qc7 12. Ba3 g6 13. Rd1 Bd7 14. O-O Qb6 15. Qc2 Bg7 16. c4 Qf6 17. Qb3 Qb6 18. Qc2 Qf6 19. Qb3 Qb6 20. Qc3 Bf6 21. d6 e6 22. Qf3 Bg7 23. Rb1 Bc6 24. d7+ 1-0

[Event "IIFL Wealth 4th Mumbai Open"]
[Site "Mumbai"]
[Date "2019.01.02"]
[Round "4"]
[White "Patil, Ketan"]
[Black "Ananya, Arumbakkam"]
[Result "0-1"]
[ECO "C68"]
[WhiteElo "1767"]
[BlackElo "1405"]
[Annotator "NA"]
[PlyCount "90"]
[EventDate "2018.12.30"]
[EventType "swiss"]
[EventCountry "IND"]
[SourceTitle "playchess.com"]
[Source "ChessBase"]
[SourceQuality "1"]
[TimeControl "40/5400+30:1800+30"]

1. e4 e5 2. Nf3 Nc6 3. Bb5 a6 4. Bxc6 dxc6 5. O-O Bg4 6. h3 h5 7. d3 Bc5 8. Be3 Bxe3 9. fxe3 Bxf3 10. Qxf3 f6 11. Nd2 Qd7 12. b4 O-O-O 13. a4 g5 14. Qe2 g4 15. h4 g3 16. Rfb1 b6 17. d4 Kb7 18. b5 cxb5 19. axb5 a5 20. Nf3 Qg4 21. Qc4 Qxe4 22. Qb3 Ne7 23. Re1 Nf5 24. Qe6 Rd6 25. Nd2 Qg4 26. Qc4 Nxh4 27. Qd3 exd4 28. e4 Ng6 29. Nf3 h4 30. e5 fxe5 31. Nxe5 Nxe5 32. Rxe5 h3 33. gxh3 Qxh3 34. Qe4+ Ka7 35. Qg2 Qg4 36. Re7 Kb8 37. Rae1 Qh5 38. R1e2 Qxb5 39. R7e5 Qc6 40. R5e4 Rdh6 41. Qf3 Re6 42. Qf4 Rxe4 43. Rxe4 Qxc2 44. Qf3 Rh1+ 45. Qxh1 Qf2# 0-1

[Event "IIFL Wealth 4th Mumbai Open"]
[Site "Mumbai"]
[Date "2019.01.02"]
[Round "4"]
[White "Sadbhav, Rautela"]
[Black "Sangoi, Hriday"]
[Result "1/2-1/2"]
[ECO "B15"]
[WhiteElo "1746"]
[BlackElo "1401"]
[Annotator "NA"]
[PlyCount "84"]
[EventDate "2018.12.30"]
[EventType "swiss"]
[EventCountry "IND"]
[SourceTitle "playchess.com"]
[Source "ChessBase"]
[SourceQuality "1"]
[TimeControl "40/5400+30:1800+30"]

1. e4 c6 2. d4 d5 3. Nc3 e6 4. Nf3 Nf6 5. e5 Nfd7 6. Be3 c5 7. dxc5 Bxc5 8. Bxc5 Nxc5 9. Qd2 a6 10. Be2 Nc6 11. O-O-O b5 12. Qf4 b4 13. Nb1 Qa5 14. Nd4 Bd7 15. Nb3 Nxb3+ 16. axb3 Qc7 17. Rhe1 Na5 18. Qxb4 Rb8 19. Qc3 Qb6 20. Qd4 Qxd4 21. Rxd4 Nc6 22. Rd2 a5 23. f4 O-O 24. Nc3 Nb4 25. Ne4 a4 26. Nc5 Be8 27. Nxa4 Bxa4 28. bxa4 Na2+ 29. Kb1 Nc3+ 30. Ka1 Nxa4 31. b3 Nc3 32. Kb2 Rfc8 33. Ra1 Rb4 34. Ba6 Rc7 35. Bc4 Na4+ 36. Ka3 Rb8 37. Bxd5 exd5 38. bxa4 Rc3+ 39. Ka2 Rc4 40. Ka3 Rc3+ 41. Ka2 Rc4 42. Ka3 Rc3+ 1/2-1/2

[Event "IIFL Wealth 4th Mumbai Open"]
[Site "Mumbai"]
[Date "2019.01.02"]
[Round "4"]
[White "Shivasubramanian, R."]
[Black "Abhinav Dubey"]
[Result "1-0"]
[ECO "D02"]
[WhiteElo "1738"]
[BlackElo "1425"]
[Annotator "NA"]
[PlyCount "143"]
[EventDate "2018.12.30"]
[EventType "swiss"]
[EventCountry "IND"]
[SourceTitle "playchess.com"]
[Source "ChessBase"]
[SourceQuality "1"]
[TimeControl "40/5400+30:1800+30"]

1. d4 d5 2. Nf3 Nf6 3. Bf4 c5 4. c3 Nc6 5. e3 Qb6 6. Qc1 g6 7. Bd3 Bg7 8. Nbd2 O-O 9. h3 c4 10. Bc2 Qd8 11. e4 dxe4 12. Nxe4 Qd5 13. Ned2 Qd8 14. Ne4 Qd5 15. Ng3 Re8 16. Qe3 b5 17. O-O Bb7 18. Be5 Bc8 19. Bf4 Bb7 20. Be5 b4 21. Rfe1 a5 22. Qg5 h6 23. Qf4 Qd7 24. Bxf6 exf6 25. Ne4 f5 26. Nc5 Rxe1+ 27. Rxe1 Qc8 28. Ba4 bxc3 29. bxc3 g5 30. Qd6 Bf8 31. Qd5 Nd8 32. Nxb7 Qxb7 33. Qxf5 Ne6 34. Bc2 Bg7 35. Be4 Qb8 36. Bxa8 Qxa8 37. Qb5 Kh7 38. Qxc4 Qb7 39. Qd3+ Kg8 40. Qe4 Qb2 41. Qa8+ Kh7 42. Qxa5 Nf4 43. Qf5+ Kg8 44. Re8+ Bf8 45. g3 Qc1+ 46. Ne1 Ne6 47. Rxe6 fxe6 48. Qxe6+ Kh7 49. Qe3 Qa1 50. Kg2 Qxa2 51. Nf3 Qd5 52. Qd3+ Kh8 53. c4 Qb7 54. Qf5 Bg7 55. d5 Qc7 56. Qe4 Qd6 57. Nd4 Be5 58. Nf5 Qf6 59. c5 h5 60. d6 Qe6 61. d7 Qxd7 62. Qxe5+ Kh7 63. Qe7+ Kh8 64. Qe5+ Kh7 65. Qe7+ Qxe7 66. Nxe7 g4 67. hxg4 hxg4 68. c6 Kg7 69. c7 Kh6 70. c8=Q Kh7 71. Qf5+ Kh6 72. Qg6# 1-0

[Event "IIFL Wealth 4th Mumbai Open"]
[Site "Mumbai"]
[Date "2019.01.02"]
[Round "4"]
[White "Pawar, Harshit"]
[Black "Negi Augustiya"]
[Result "1/2-1/2"]
[ECO "B20"]
[WhiteElo "1719"]
[BlackElo "1521"]
[Annotator "NA"]
[PlyCount "104"]
[EventDate "2018.12.30"]
[EventType "swiss"]
[EventCountry "IND"]
[SourceTitle "playchess.com"]
[Source "ChessBase"]
[SourceQuality "1"]
[TimeControl "40/5400+30:1800+30"]

1. e4 c5 2. a3 d6 3. b4 cxb4 4. axb4 Nf6 5. d3 e6 6. c3 Be7 7. Be3 b6 8. h3 Qc7 9. Nf3 O-O 10. Be2 Nbd7 11. O-O d5 12. exd5 Nxd5 13. Bd2 Bb7 14. Qb3 Ne5 15. d4 Nxf3+ 16. Bxf3 Nf6 17. Bxb7 Qxb7 18. Na3 Rfc8 19. Rac1 Qd5 20. Qb2 b5 21. Nc2 Ne4 22. Ne3 Qb7 23. Ra1 Nd6 24. Ra2 Nc4 25. Nxc4 Rxc4 26. Rfa1 h6 27. Ra6 Rc6 28. R6a2 a6 29. Qb1 Rc4 30. Qd3 Rc6 31. Qf3 Qc8 32. Qe2 Qb7 33. Qg4 Kf8 34. f4 Rb6 35. Rf1 Qe4 36. Qg3 Qd5 37. Raa1 a5 38. bxa5 Rba6 39. Rac1 Rxa5 40. Rce1 Bf6 41. Kh2 Ra2 42. Re2 Rc2 43. Qe1 Raa2 44. Rff2 Bh4 45. g3 Bf6 46. f5 Qa8 47. Qf1 Ra1 48. Re1 Rxe1 49. Qxe1 exf5 50. Re2 Ra2 51. c4 g5 52. d5 bxc4 1/2-1/2

[Event "IIFL Wealth 4th Mumbai Open"]
[Site "Mumbai"]
[Date "2019.01.02"]
[Round "4"]
[White "Sawant, Akshay"]
[Black "Aditya, Ramanathan"]
[Result "0-1"]
[ECO "C22"]
[WhiteElo "1716"]
[BlackElo "1493"]
[Annotator "NA"]
[PlyCount "46"]
[EventDate "2018.12.30"]
[EventType "swiss"]
[EventCountry "IND"]
[SourceTitle "playchess.com"]
[Source "ChessBase"]
[SourceQuality "1"]
[TimeControl "40/5400+30:1800+30"]

1. e4 e5 2. d4 exd4 3. Qxd4 Nc6 4. Qe3 Nf6 5. Nc3 Bb4 6. Bd2 O-O 7. O-O-O Re8 8. Qg3 Rxe4 9. f4 d5 10. Bd3 Re8 11. a3 Ba5 12. f5 Ne5 13. Bg5 Bxc3 14. bxc3 Qd6 15. Bxf6 Qxf6 16. Nh3 Qd6 17. f6 Qxf6 18. Rhf1 Qd6 19. Ng5 h6 20. Bh7+ Kh8 21. Rxf7 Qxa3+ 22. Kb1 Nc4 23. Qe3 Qb2# 0-1

[Event "IIFL Wealth 4th Mumbai Open"]
[Site "Mumbai"]
[Date "2019.01.02"]
[Round "4"]
[White "Deepak, Rai"]
[Black "Amrit, Raunak"]
[Result "1-0"]
[ECO "D00"]
[WhiteElo "1710"]
[BlackElo "1410"]
[Annotator "NA"]
[PlyCount "88"]
[EventDate "2018.12.30"]
[EventType "swiss"]
[EventCountry "IND"]
[SourceTitle "playchess.com"]
[Source "ChessBase"]
[SourceQuality "1"]
[TimeControl "40/5400+30:1800+30"]

1. d4 d5 2. Bf4 Bf5 3. e3 Nc6 4. Bd3 Bg6 5. Nf3 Nf6 6. Bxg6 hxg6 7. Qd3 e6 8. Qb5 Qc8 9. Nbd2 a6 10. Qa4 Qd7 11. c3 Nh5 12. b4 Nxf4 13. exf4 Bd6 14. g3 O-O-O 15. Qc2 Na7 16. a4 Qc6 17. Ne5 Bxe5 18. fxe5 f6 19. Nf3 g5 20. exf6 gxf6 21. O-O Qe8 22. Qe2 Qc6 23. Qc2 Qe8 24. Qe2 c6 25. Rfe1 Kd7 26. Nd2 Nc8 27. Nf3 Na7 28. Nd2 Nc8 29. Nb3 Kc7 30. Nc5 Kb8 31. b5 cxb5 32. axb5 Qxb5 33. Qxb5 axb5 34. Rxe6 Rd6 35. Rxd6 Nxd6 36. Nd7+ Kc7 37. Nxf6 Rf8 38. Nxd5+ Kd7 39. Re1 Rf5 40. Ra1 Rf8 41. Re1 Rf5 42. Ne3 Rf8 43. Ng4 Rf3 44. Ne5+ Ke7 1-0

[Event "IIFL Wealth 4th Mumbai Open"]
[Site "Mumbai"]
[Date "2019.01.02"]
[Round "4"]
[White "Saketh, Pedagandham"]
[Black "Kaushal Kishor Jaiswal"]
[Result "1-0"]
[ECO "C50"]
[WhiteElo "1693"]
[BlackElo "1382"]
[Annotator "NA"]
[PlyCount "56"]
[EventDate "2018.12.30"]
[EventType "swiss"]
[EventCountry "IND"]
[SourceTitle "playchess.com"]
[Source "ChessBase"]
[SourceQuality "1"]
[TimeControl "40/5400+30:1800+30"]

1. e4 e5 2. Nf3 Nc6 3. Bc4 Bc5 4. O-O d6 5. d3 Bg4 6. c3 Bh5 7. Be3 Bb6 8. a4 Na5 9. Ba2 c5 10. d4 cxd4 11. cxd4 Nc6 12. dxe5 Bxe3 13. fxe3 Nxe5 14. Qb3 Qe7 15. Qb5+ Qd7 16. Nxe5 Qxb5 17. axb5 dxe5 18. Bd5 Rb8 19. Rxa7 Nf6 20. Rxb7 O-O 21. Nc3 Rxb7 22. Bxb7 Nd7 23. Ra1 Nb6 24. Nd5 Nc4 25. b3 Nd6 26. Bc6 Be2 27. b6 Rb8 28. b7 Bg4 1-0

[Event "IIFL Wealth 4th Mumbai Open"]
[Site "Mumbai"]
[Date "2019.01.02"]
[Round "4"]
[White "Joglekar, Abhijit"]
[Black "Vahdatian, Davood"]
[Result "0-1"]
[ECO "B34"]
[WhiteElo "1692"]
[BlackElo "2036"]
[Annotator "NA"]
[PlyCount "74"]
[EventDate "2018.12.30"]
[EventType "swiss"]
[EventCountry "IND"]
[SourceTitle "playchess.com"]
[Source "ChessBase"]
[SourceQuality "1"]
[TimeControl "40/5400+30:1800+30"]

1. e4 c5 2. Nf3 Nc6 3. d4 cxd4 4. Nxd4 g6 5. Nc3 Bg7 6. Be3 Nf6 7. f3 O-O 8. Qd2 d5 9. exd5 Nxd5 10. Nxd5 Qxd5 11. Nxc6 Qxc6 12. c3 Be6 13. Be2 Rfd8 14. Qc1 Bc4 15. Qc2 b5 16. Kf2 a5 17. a4 Bxe2 18. Qxe2 bxa4 19. Qc2 Rdb8 20. Ra3 Rb5 21. Rha1 Rab8 22. R1a2 Rb3 23. g3 h5 24. h4 Qc4 25. Bc1 Rxa3 26. Rxa3 Rb3 27. Ra1 Be5 28. Qe4 Qc7 29. f4 Bxc3 30. Rxa4 Bb4 31. Be3 Rxb2+ 32. Kf3 Qd7 33. Qd4 Qc6+ 34. Qe4 Qxa4 35. Qa8+ Kh7 36. Bd4 Qd1+ 37. Ke3 Qe2# 0-1

[Event "IIFL Wealth 4th Mumbai Open"]
[Site "Mumbai"]
[Date "2019.01.02"]
[Round "4"]
[White "Kohad Dipesh"]
[Black "Aditya, Varun Gampa"]
[Result "0-1"]
[ECO "D04"]
[WhiteElo "1683"]
[BlackElo "1809"]
[Annotator "NA"]
[PlyCount "120"]
[EventDate "2018.12.30"]
[EventType "swiss"]
[EventCountry "IND"]
[SourceTitle "playchess.com"]
[Source "ChessBase"]
[SourceQuality "1"]
[TimeControl "40/5400+30:1800+30"]

1. d4 Nf6 2. Nf3 d5 3. e3 c5 4. b3 cxd4 5. exd4 Nc6 6. Bb2 Bg4 7. Be2 e6 8. O-O Bd6 9. Nbd2 O-O 10. Ne5 Bxe2 11. Qxe2 Qb6 12. Nxc6 Qxc6 13. c4 Rac8 14. c5 Bf4 15. b4 Bxd2 16. Qxd2 Qa4 17. a3 a6 18. Qd1 Qc6 19. a4 b6 20. Qd3 Qb7 21. b5 bxc5 22. dxc5 axb5 23. axb5 Rxc5 24. Ba3 Rxb5 25. Bxf8 Kxf8 26. Rfb1 Rxb1+ 27. Rxb1 Qa7 28. Qc3 Qxf2+ 29. Kxf2 Ne4+ 30. Ke3 Nxc3 31. Rb8+ Ke7 32. Rb7+ Kf6 33. g4 h6 34. h4 Ne4 35. Rb1 Ke5 36. Rb7 d4+ 37. Kf3 Nd6 38. Ra7 g5 39. hxg5 hxg5 40. Ra5+ Kf6 41. Ra6 Nc4 42. Ke4 Ne5 43. Kxd4 Nxg4 44. Ra5 Kg6 45. Ke4 f5+ 46. Kf3 e5 47. Ra8 e4+ 48. Kg3 Nf6 49. Ra6 f4+ 50. Kf2 g4 51. Ra5 e3+ 52. Ke2 Nh5 53. Rb5 Ng3+ 54. Kd3 Nf5 55. Rb4 Kg5 56. Rb5 f3 57. Ke4 e2 58. Rxf5+ Kh4 59. Rxf3 gxf3 60. Kxf3 e1=Q 0-1

[Event "IIFL Wealth 4th Mumbai Open"]
[Site "Mumbai"]
[Date "2019.01.02"]
[Round "4"]
[White "Dhanashree, Pandit"]
[Black "Isha Pritam Inamdar"]
[Result "1-0"]
[ECO "A51"]
[WhiteElo "1676"]
[BlackElo "1380"]
[Annotator "NA"]
[PlyCount "127"]
[EventDate "2018.12.30"]
[EventType "swiss"]
[EventCountry "IND"]
[SourceTitle "playchess.com"]
[Source "ChessBase"]
[SourceQuality "1"]
[TimeControl "40/5400+30:1800+30"]

1. d4 Nf6 2. c4 e5 3. e3 exd4 4. exd4 Bb4+ 5. Bd2 Bxd2+ 6. Nxd2 O-O 7. Ngf3 d5 8. Be2 dxc4 9. Nxc4 Nd5 10. Qd2 c6 11. O-O Nd7 12. Nd6 N7f6 13. Nxc8 Rxc8 14. Bd3 Qd6 15. Ne5 Qb4 16. Rfd1 Qxd2 17. Rxd2 Rcd8 18. Rad1 Rd6 19. g3 Nb6 20. b4 Nfd5 21. b5 cxb5 22. Rc1 a6 23. Be4 f6 24. Nd3 Nc4 25. Re2 g6 26. Nc5 Rf7 27. Bg2 Nb4 28. Bxb7 Rxd4 29. Re8+ Rf8 30. Rxf8+ Kxf8 31. Ne6+ Ke7 32. Nxd4 Nxa2 33. Re1+ Kd7 34. Bxa6 Nc3 35. Bxb5+ Nxb5 36. Nxb5 Ne5 37. Kg2 Kc6 38. Nc3 Kd6 39. Ra1 f5 40. Ra7 h5 41. Ra6+ Ke7 42. f4 Ng4 43. Rxg6 Nf6 44. Rg5 Ke6 45. Ne2 Kf7 46. Rxf5 Kg6 47. Rxf6+ Kxf6 48. h3 Kf5 49. Kf3 Kf6 50. g4 hxg4+ 51. hxg4 Kg6 52. Ke4 Kf6 53. f5 Kf7 54. g5 Kg7 55. Ke5 Kf7 56. g6+ Kg7 57. Ke6 Kf8 58. f6 Kg8 59. g7 Kh7 60. Kf7 Kh6 61. g8=Q Kh5 62. Ke6 Kh4 63. Kf5 Kh3 64. Qg3# 1-0

[Event "IIFL Wealth 4th Mumbai Open"]
[Site "Mumbai"]
[Date "2019.01.02"]
[Round "4"]
[White "Tejes Suresh Kumar"]
[Black "Thatte, Ashish P"]
[Result "1/2-1/2"]
[ECO "C11"]
[WhiteElo "1618"]
[BlackElo "1957"]
[Annotator "NA"]
[PlyCount "92"]
[EventDate "2018.12.30"]
[EventType "swiss"]
[EventCountry "IND"]
[SourceTitle "playchess.com"]
[Source "ChessBase"]
[SourceQuality "1"]
[TimeControl "40/5400+30:1800+30"]

1. e4 e6 2. d4 d5 3. Nc3 Nf6 4. e5 Nfd7 5. f4 c5 6. Nf3 Nc6 7. Be3 a6 8. Qd2 Be7 9. Be2 O-O 10. O-O b5 11. dxc5 $11 {[%emt 0:00:57] LiveBook: 9 Games} b4 12. Na4 Qa5 13. Nb6 Nxb6 14. cxb6 Bc5 15. Kh1 Qxb6 16. Bxc5 Qxc5 17. a3 Rb8 18. a4 Rb6 19. Qd3 h6 20. g4 g6 21. Rg1 Kh7 22. h4 a5 23. Qd2 Ba6 24. Bxa6 Rxa6 25. h5 Rh8 26. hxg6+ fxg6 27. f5 exf5 28. gxf5 Ne7 29. fxg6+ Rxg6 30. Rxg6 Nxg6 31. Qd3 Qc4 32. Qxc4 dxc4 33. Rd1 Rf8 34. Kg2 Kg7 35. Rd7+ Rf7 36. Rd8 Re7 37. Ra8 Nxe5 38. Rxa5 Ng4 39. Kg3 Ne3 40. Re5 Rxe5 41. Nxe5 c3 42. bxc3 bxc3 43. a5 Nd5 44. Kf3 Kf6 45. Nd3 Ke7 46. Ke4 Kd6 1/2-1/2

[Event "IIFL Wealth 4th Mumbai Open"]
[Site "Mumbai"]
[Date "2019.01.02"]
[Round "4"]
[White "Nayanikaa Muralidharan"]
[Black "Kapadi, Yash"]
[Result "0-1"]
[ECO "A22"]
[WhiteElo "1539"]
[BlackElo "1749"]
[Annotator "NA"]
[PlyCount "132"]
[EventDate "2018.12.30"]
[EventType "swiss"]
[EventCountry "IND"]
[SourceTitle "playchess.com"]
[Source "ChessBase"]
[SourceQuality "1"]
[TimeControl "40/5400+30:1800+30"]

1. c4 Nf6 2. Nc3 e5 3. g3 Be7 4. Bg2 O-O 5. Nf3 d6 6. O-O c6 7. d3 Qc7 8. a3 a5 9. Rb1 Bf5 10. Bd2 Bc8 11. Bc1 Bf5 12. Bd2 Nbd7 13. e4 Bg4 14. h3 Bh5 15. b4 Rfe8 16. Qc2 axb4 17. axb4 Nf8 18. Rfc1 Qd7 19. Kh2 Ne6 20. Be3 h6 21. Na4 Bd8 22. c5 Bxf3 23. Bxf3 d5 24. exd5 Nxd5 25. Bxd5 Qxd5 26. Nc3 Qd7 27. Na4 Qd5 28. Nc3 Qd7 29. Ne4 Bc7 30. Nc3 Bd8 31. Ne4 Bc7 32. Qc4 Bd8 33. Qc2 Bc7 34. Qc4 f5 35. Nc3 f4 36. Bd2 Rad8 37. Be3 Ra8 38. Bd2 Rad8 39. Be3 Ra8 40. Bd2 Rad8 41. Qa2 fxg3+ 42. fxg3 Qxd3 43. Rd1 Qd7 44. Rdc1 Qd3 45. Rd1 Qg6 46. Be1 Kh8 47. Bf2 Ng5 48. Qe2 Qf5 49. Qa2 Qg6 50. Qe2 Qf5 51. Qf1 Rxd1 52. Rxd1 Rf8 53. Rb1 Re8 54. Rd1 Rf8 55. h4 Nf3+ 56. Kg2 Qg4 57. Qh1 Qf5 58. Qf1 e4 59. Ne2 Qg4 60. Qh1 Qf5 61. Qf1 Qg4 62. Qh1 Qf5 63. Qf1 Qg4 64. Qh1 Nxh4+ 65. Qxh4 Qxe2 66. Rf1 e3 0-1

[Event "IIFL Wealth 4th Mumbai Open"]
[Site "Mumbai"]
[Date "2019.01.02"]
[Round "4"]
[White "Ratnapriya K"]
[Black "Shreyas, Ghadi"]
[Result "1-0"]
[ECO "C11"]
[WhiteElo "1508"]
[BlackElo "1653"]
[Annotator "NA"]
[PlyCount "125"]
[EventDate "2018.12.30"]
[EventType "swiss"]
[EventCountry "IND"]
[SourceTitle "playchess.com"]
[Source "ChessBase"]
[SourceQuality "1"]
[TimeControl "40/5400+30:1800+30"]

1. e4 e6 2. d4 d5 3. Nc3 Nf6 4. Bg5 dxe4 5. Nxe4 Be7 6. Bxf6 gxf6 7. Nf3 b6 8. Bd3 Bb7 9. Qe2 Nd7 10. O-O-O c6 11. Kb1 Qc7 12. Rhe1 O-O-O 13. Ba6 Rhg8 14. g3 f5 15. Ned2 Bf6 16. Nb3 c5 17. Bxb7+ Kxb7 18. Qb5 Ka8 19. c4 cxd4 20. Nfxd4 Bxd4 21. Nxd4 Nc5 22. Qc6+ Qxc6 23. Nxc6 Rxd1+ 24. Rxd1 Rc8 25. Rd8 Rxd8 26. Nxd8 f6 27. b4 Ne4 28. Nxe6 Nxf2 29. Ng7 Nd3 30. Ne8 f4 31. gxf4 f5 32. a3 Nxf4 33. Nd6 Kb8 34. Nxf5 Kc7 35. Kc2 a5 36. Kd2 axb4 37. axb4 Ng6 38. Kc3 Ne5 39. h3 Kd7 40. b5 Ke6 41. Ne3 Kd6 42. Ng4 Ng6 43. Kd4 h5 44. Nf6 Nf4 45. Nd5 Nxh3 46. Nxb6 Ng5 47. c5+ Kc7 48. Nd5+ Kb8 49. Nf6 h4 50. Kd5 h3 51. Ng4 Nf3 52. c6 h2 53. Nxh2 Nxh2 54. b6 Nf3 55. Kd6 Nd4 56. c7+ Kc8 57. b7+ Kxb7 58. Kd7 Nb5 59. c8=Q+ Kb6 60. Qc6+ Ka5 61. Qc5 Ka6 62. Kc6 Na7+ 63. Kd5 1-0

[Event "IIFL Wealth 4th Mumbai Open"]
[Site "Mumbai"]
[Date "2019.01.02"]
[Round "4"]
[White "Adireddy, Arjun"]
[Black "Raghav, Srivathsav V"]
[Result "0-1"]
[ECO "B01"]
[WhiteElo "1468"]
[BlackElo "2056"]
[Annotator "NA"]
[PlyCount "62"]
[EventDate "2018.12.30"]
[EventType "swiss"]
[EventCountry "IND"]
[SourceTitle "playchess.com"]
[Source "ChessBase"]
[SourceQuality "1"]
[TimeControl "40/5400+30:1800+30"]

1. e4 d5 2. exd5 Qxd5 3. Nc3 Qd6 4. d4 Nf6 5. Nf3 a6 6. h3 Bf5 7. Bd3 Bxd3 8. Qxd3 Nc6 9. a3 e6 10. Be3 Be7 11. Ne2 Qd7 12. Ng3 h6 13. O-O-O O-O-O 14. Ne5 Nxe5 15. dxe5 Qc6 16. Qe2 Nd5 17. Ne4 f5 18. exf6 gxf6 19. f4 f5 20. Nf2 Bf6 21. Nd3 Qc4 22. c3 Bxc3 23. bxc3 Qxc3+ 24. Kb1 Qb3+ 25. Kc1 Qxa3+ 26. Kc2 Qa2+ 27. Nb2 Nb4+ 28. Kc3 Qa3+ 29. Kc4 b5+ 30. Kc5 Nd3+ 31. Kc6 Rd6# 0-1